 Dungeon Crawl Stone Soup version 0.20-a0-433-g9e36e56 (webtiles) character file.

1194 AlphabetPasta the Chopper (level 8, 0/91 HPs)
             Began as a Human Gladiator on Jan 3, 2017.
             Succumbed to an orc wizard's poison
             ... on level 5 of the Dungeon.
             The game lasted 00:16:23 (5004 turns).

AlphabetPasta the Chopper (Human Gladiator)         Turns: 5004, Time: 00:16:24

Health: 0/91       AC: 24    Str: 17    XL:     8   Next: 71%
Magic:  8/8        EV:  2    Int:  8    God:
Gold:   231        SH:  0    Dex: 15    Spells: 7/7 levels left

rFire  . . .     SeeInvis .     a - +1 war axe
rCold  . . .     Gourm    .     (armour currently unavailable)
rNeg   + + +     Faith    .     (no shield)
rPois  +         Spirit   .     (helmet currently unavailable)
rElec  .         Reflect  .     (cloak currently unavailable)
rCorr  .         Harm     .     (gloves currently unavailable)
MR     .....     NoTele   +     (boots currently unavailable)
Stlth  +.........               (no amulet)
                                (no ring)
                                h - ring of wizardry

@: lethally poisoned (0 -> -36), tree-form, drained
A: no striking features
a: no special abilities


You were on level 5 of the Dungeon.
You were not hungry.
You were a tree.
You visited 1 branch of the dungeon, and saw 5 of its levels.

You collected 231 gold pieces.

Inventory:

Hand Weapons
 a - a +1 war axe (weapon)
 s - a +0 morningstar
Missiles
 d - 5 throwing nets (quivered)
 m - 27 bolts
Armour
 b - a +0 leather armour
 c - a +0 helmet (melded)
 e - a +0 ring mail
 k - a +0 scale mail
 r - a +0 pair of boots (melded)
 v - a +0 plate armour (melded)
Jewellery
 h - a ring of wizardry (left branch)
Wands
 i - a wand of iceblast (6/15)
Scrolls
 g - a scroll of amnesia
 l - a scroll of fear
 n - 2 scrolls of identify
 o - a scroll of blinking {unknown}
 u - a scroll of remove curse
 w - a scroll of recharging
Potions
 t - a potion of magic
Comestibles
 f - 4 bread rations
 j - 5 meat rations
 p - 8 fruits


   Skills:
 + Level 4.6(4.3) Fighting
 * Level 6.9(6.6) Axes
 - Level 2.0(1.6) Throwing
 + Level 4.0(3.6) Armour
 + Level 5.3(5.0) Dodging


You had 7 spell levels left.
You didn't know any spells.

Dungeon Overview and Level Annotations

Branches:
Dungeon (5/15)
 Temple: D:4-7

Altars:


Message History

* * * LOW HITPOINT WARNING * * *
You feel sick.
The orc wizard hits you but does no damage.
You are more poisoned.
You bump into the rock wall.
You feel less confused.
* * * LOW HITPOINT WARNING * * *
You feel very sick.
The orc wizard hits you with a dagger of venom.
* * * LOW HITPOINT WARNING * * *
You are more poisoned.
You slash the orc wizard!
You kill the orc wizard!
* * * LOW HITPOINT WARNING * * *
You feel very sick.
You turn into a tree.
Your +0 helmet melds into your body.
Your +0 pair of boots melds into your body.
Your +0 plate armour melds into your body.
Your roots penetrate the ground.
You die...

#.#.#....#....# #...# #
#.#.#........## ###...##
# #.#.#.#....... #......#
#......# #......#
#......# #......#
################......###
.$..oo)o♣................
.....##################..
... #.. . #.. #.. #.. #..
#.. #..


You could see 3 orcs.

Vanquished Creatures
  Grinder (D:4)
  A phantom (D:4)
  An orc warrior (D:4)
  A necrophage (D:5)
  2 ogres
  4 wights (D:5)
  A howler monkey (D:3)
  A crimson imp (D:5)
  2 hounds (D:5)
  A centaur skeleton (D:4)
  3 orc wizards
  3 worker ants
  2 adders
  3 worms
  2 dart slugs (D:1)
  2 leopard geckos
  8 orcs
  6 bats
  7 giant cockroaches
  4 goblins (D:3)
  3 hobgoblins
  11 jackals
  3 quokkas
  2 ball pythons
  6 frilled lizards
  10 kobolds
  A leopard gecko zombie (D:5)
  A quokka skeleton (D:4)
  3 rats
95 creatures vanquished.

Notes
Turn   | Place    | Note
-------+----------+-------------------------------------------
     0 | D:1      | AlphabetPasta the Human Gladiator began the quest for the Orb.
     0 | D:1      | Reached XP level 1. HP: 16/16 MP: 1/1
    88 | D:1      | Reached XP level 2. HP: 21/22 MP: 2/2
   565 | D:1      | Reached XP level 3. HP: 24/27 MP: 3/3
  1652 | D:3      | Reached XP level 4. HP: 25/34 MP: 4/4
  2191 | D:3      | Reached skill level 4 in Axes
  2191 | D:3      | Reached skill level 1 in Armour
  2191 | D:3      | Reached XP level 5. HP: 33/39 MP: 5/5
  2821 | D:4      | Noticed an orc warrior
  2831 | D:4      | Killed an orc warrior
  2831 | D:4      | Reached XP level 6. HP: 17/47 MP: 6/6
  2833 | D:4      | Noticed Grinder
  3099 | D:4      | Noticed an ogre
  3111 | D:4      | Killed an ogre
  3111 | D:4      | Reached skill level 5 in Axes
  3220 | D:4      | Noticed a phantom
  3240 | D:4      | Reached XP level 7. HP: 41/52 MP: 7/7
  3634 | D:4      | Killed Grinder
  4050 | D:5      | Entered Level 5 of the Dungeon
  4057 | D:5      | Reached skill level 6 in Axes
  4057 | D:5      | Reached XP level 8. HP: 36/60 MP: 8/8
  4647 | D:5      | Reached skill level 5 in Dodging
  5003 | D:5      | HP: 3/61 [poisoned by an orc wizard]
  5004 | D:5      | Succumbed to an orc wizard's poison

Vault maps used:
D:1:      erik_arrival_triangle_medium, kennysheep_flooded_box
D:3:      first_bread
D:4:      uniq_grinder

Skill      XL: |  1  2  3  4  5  6  7  8 |
---------------+-------------------------+-----
Axes           | 4 5 6 |  6.9
Armour         | 1 2 3 4 |  4.0
Fighting       | 3 4 |  4.6
Dodging        | 4 5 |  5.3
Throwing       | |  2.0

Action                   |  1- 3 |  4- 6 |  7- 9 || total
-------------------------+-------+-------+-------++-------
Melee: War axe           |    95 |   114 |   189 ||   398
Throw: Throwing net      |       |     1 |       ||     1
Evoke: Wand              |       |     4 |       ||     4
  Use: Scroll            |       |     7 |     5 ||    12
       Potion            |       |       |     1 ||     1
  Eat: Chunk             |     2 |     6 |     4 ||    12
       Pizza             |       |       |     1 ||     1
Armor: Leather armour    |    10 |       |       ||    10
       Ring mail         |    26 |    34 |    18 ||    78
       Plate armour      |       |       |    85 ||    85
Dodge: Dodged            |    62 |    58 |    73 ||   193
